 Dungeon Crawl Stone Soup version 0.28.0 (webtiles) character file.

Game seed: 16512012247080584608

275 crazypyro the Chopper (level 6, -1/55 HPs)
             Began as a Minotaur Fighter on Feb 4, 2022.
             Was a Believer of Vehumet.
             Succumbed to a water moccasin's poison
             ... on level 5 of the Dungeon.
             The game lasted 00:03:08 (3387 turns).

crazypyro the Chopper (Minotaur Fighter)            Turns: 3387, Time: 00:03:09

Health: -1/55      AC:  7    Str: 21    XL:     6   Next: 3%
Magic:  5/5        EV: 10    Int:  8    God:    Vehumet [**....]
Gold:   67         SH:  4    Dex: 11    Spells: 1/5 levels left

rFire   . . .      SeeInvis .   m - +4 trident "Qunk" {vorpal, Int+3}
rCold   . . .      Faith    .   c - +0 buckler
rNeg    . . .      Spirit   .   b - +0 scale mail
rPois   .          Reflect  .   (helmet restricted)
rElec   .          Harm     .   (no cloak)
rCorr   .          Rampage  .   (no gloves)
Will    .....                   (no boots)
Stlth   ..........              (no amulet)
HPRegen 0.18/turn               (no ring)
MPRegen 0.09/turn               (no ring)

@: lethally poisoned (-1 -> -27)
A: horns 2, retaliatory headbutt
a: Renounce Religion


You were on level 5 of the Dungeon.
You worshipped Vehumet.
Vehumet was pleased with you.
You visited 1 branch of the dungeon, and saw 5 of its levels.

You collected 67 gold pieces.

Inventory:

Hand Weapons
 a - a +0 war axe
 m - the +4 trident "Qunk" (weapon) {vorpal, Int+3}
   (You found it on level 2 of the Dungeon)

   It inflicts extra damage upon your enemies.
   Int:       It affects your intelligence (+3).
Armour
 b - a +0 scale mail (worn)
 c - a +0 buckler (worn)
 e - a +0 pair of gloves
Wands
 l - a wand of flame (11)
Scrolls
 f - 2 scrolls of teleportation {unknown}
 g - a scroll of fear {unknown}
 h - 3 scrolls of identify {unknown}
 j - a scroll of acquirement {unknown}
 k - a scroll of blinking {unknown}
 n - a scroll of noise {unknown}
 o - a scroll of holy word {unknown}
 p - a scroll of enchant armour {unknown}
Potions
 d - a potion of might
 i - a potion of lignification {unknown}
 q - a potion of berserk rage {unknown}
 r - 3 potions of degeneration {unknown}
 s - a potion of curing {unknown}


   Skills:
 + Level 4.8 Fighting
 * Level 5.1 Axes
 + Level 4.9 Armour
 + Level 2.5 Dodging
 - Level 3.7 Shields
 + Level 0.0 Spellcasting


You had one spell level left.
You knew the following spells:

 Your Spells              Type           Power      Damage    Failure   Level
a - Flame Wave            Conj/Fire      0%         2d4       100%        4

Your spell library contained the following spells:

 Spells                   Type           Power      Damage    Failure   Level
 Searing Ray              Conj           0%         2d4       92%         2
 Scorch                   Fire           0%         2d5       92%         2
 Summon Cactus Giant      Summ           0%         N/A       100%        6


Dungeon Overview and Level Annotations

Branches:
Dungeon (6/15)
 Temple: D:4-7

Altars:
Kikubaaqudgha
Vehumet

Shops:
D:1 *

Annotations:
D:2 1 runed translucent door, Crazy Yiuf


Innate Abilities, Weirdness & Mutations

You have a pair of horns on your head.
You reflexively headbutt those who attack you in melee.


Message History

You miss the water moccasin.
The water moccasin bites you but does no damage.
The water moccasin bites you.
You closely miss the water moccasin. The water moccasin bites you.
You are poisoned.
The water moccasin poisons you!
You closely miss the water moccasin.
You feel very sick. The water moccasin misses you.
You block the water moccasin's attack.
You closely miss the water moccasin.
Your headbutt misses the water moccasin.
You feel sick.
The water moccasin completely misses you.
The water moccasin bites you!
You hit the water moccasin.
The water moccasin is lightly wounded.
You feel sick. The water moccasin barely misses you.
You puncture the water moccasin!
Your headbutt misses the water moccasin.
The water moccasin is heavily wounded.
You feel sick. The water moccasin bites you. x2
You closely miss the water moccasin. You headbutt the water moccasin.
The water moccasin is severely wounded.
You feel sick. The water moccasin barely misses you.
The water moccasin bites you!
You are lethally poisoned!
The water moccasin poisons you!
You closely miss the water moccasin.
Your headbutt misses the water moccasin.
The water moccasin is severely wounded.
* * * LOW HITPOINT WARNING * * *
You feel very sick. The water moccasin bites you.
* * * LOW HITPOINT WARNING * * *
You are more poisoned.
The water moccasin poisons you!
The water moccasin bites you but does no damage.
You puncture the water moccasin!
The water moccasin is almost dead.
You die...

#######.###
#.......#
#.......#####
##
#............
...
#......######
### #......#
#......#####
#..........#
####....@..#
#.....S?#
..........#
###.......#
....^....+
###.......#
#########


You could see a water moccasin.

Vanquished Creatures
  Eustachio (D:5)
  4 gnolls (D:2)
  3 adders
  A dart slug (D:1)
  6 orcs
  2 bats (D:1)
  6 endoplasms
  A giant cockroach (D:3)
  4 goblins
  3 hobgoblins (D:1)
  A jackal (D:1)
  3 quokkas (D:2)
  15 ball pythons
  5 frilled lizards
  3 kobolds
  3 rats
61 creatures vanquished.

Notes
Turn   | Place    | Note
-------+----------+-------------------------------------------
     0 | D:1      | crazypyro the Minotaur Fighter began the quest for the Orb.
     0 | D:1      | Reached XP level 1. HP: 19/19 MP: 0/0
   247 | D:1      | Found Ubaishrise's Assorted Antiques.
   286 | D:1      | Reached XP level 2. HP: 23/27 MP: 1/1
   587 | D:1      | Reached skill level 3 in Axes
   736 | D:1      | Reached XP level 3. HP: 31/33 MP: 2/2
  1028 | D:2      | Found a faded altar of an unknown god.
  1042 | D:2      | Reached skill level 1 in Dodging
  1045 | D:2      | Prayed at the altar of an unknown god.
  1045 | D:2      | Became a worshipper of Vehumet
  1045 | D:2      | Reached * piety under Vehumet
  1045 | D:2      | Offered knowledge of Magic Dart by Vehumet.
  1323 | D:2      | Reached XP level 4. HP: 3/40 MP: 3/3
  1529 | D:2      | Reached skill level 4 in Axes
  2059 | D:2      | Identified the +4 trident "Qunk" {vorpal, Int+3}
  2329 | D:2      | Found a runed translucent door.
  2330 | D:2      | Noticed Crazy Yiuf
  3113 | D:3      | Found an ancient bone altar of Kikubaaqudgha.
  3148 | D:3      | You fall into a shaft and drop 3 floors!
  3148 | D:6      | Noticed a bullfrog
  3152 | D:5      | Entered Level 5 of the Dungeon
  3184 | D:5      | Noticed Eustachio
  3216 | D:5      | Killed Eustachio
  3217 | D:5      | Reached skill level 5 in Axes
  3217 | D:5      | Reached XP level 5. HP: 34/47 MP: 4/4
  3326 | D:5      | Reached XP level 6. HP: 55/55 MP: 5/5
  3331 | D:5      | Reached ** piety under Vehumet
  3331 | D:5      | Offered knowledge of Searing Ray by Vehumet.
  3358 | D:5      | Learned a level 4 spell: Flame Wave
  3376 | D:5      | Noticed a water moccasin
  3387 | D:5      | Succumbed to a water moccasin's poison

Illustrated notes

Levels and vault maps discovered:
D:1:      psy_arrival_terrarium, layout_basic, serial_shops, shop,
          minmay_misc_feat_doors, minmay_quantized
D:2:      layout_basic, hellmonk_ecumenical_altar_zigzags,
          hangedman_feature_mirror, uniq_crazy_yiuf_cottage
D:3:      layout_basic, mainiacjoe_overflow_paths, minmay_tree_intersection
D:5:      layout_basic, fedhas_altar_1, minmay_temple_entry_glassed_door,
          uniq_eustachio
D:6:      layout_cave_pools, vehumet_altar_wand_db, serial_rivers,
          chequers_serial_rivers_small_b, chequers_serial_rivers_large_b,
          chequers_serial_rivers_small_b, chequers_serial_rivers_micro_a,
          chequers_serial_rivers_room_a, chequers_serial_rivers_small_b,
          nicolae_specific_store, eino_small_chamber_without_monster,
          corner_web_ring, uniq_menkaure

Skill      XL: |  1  2  3  4 |
---------------+-------------+-----
Axes           | 3 5 |  5.1
Armour         | 4 |  4.9
Fighting       | 4 |  4.8
Dodging        | 1 2 |  2.5
Shields        | |  3.7

Action                   |  1- 3 |  4- 6 || total
-------------------------+-------+-------++-------
Melee: War axe           |    86 |    14 ||   100
       Headbutt          |     7 |     3 ||    10
       Trident           |       |    48 ||    48
Armor: Scale mail        |    50 |    32 ||    82
Dodge: Dodged            |    39 |    30 ||    69
Block: Buckler           |    23 |    15 ||    38
